CAL (WIN)
MODESTO NUTS @ HIGH DESERT MAVERICKS
12/04/2046
 
TOP OF THE 1ST
Modesto Nuts batting - Pitching for High Desert Mavericks : RHP Shan-tang Chi
Pitching: RHP Shan-tang Chi
Batting: LHB Daniel Green 0-0: SINGLE (Groundball, 6MS, EV 82.5 MPH) (infield hit)
Batting: LHB Nick Martin 0-0: Called Strike
Daniel Green is caught stealing 2nd base 2-6
0-1: Foul Ball, location: 2F
0-2: SINGLE (Groundball, 3S, EV 68.8 MPH) (infield hit)
Batting: LHB Nick Rooney 0-0: Ball
Nick Martin steals 2nd base (no throw)
1-0: DOUBLE (Line Drive, 9LM, EV 109.4 MPH)
Nick Martin scores
Batting: LHB Paul McClintock 0-0: Called Strike
0-1: Ball
1-1: Ball
2-1: Swinging Strike
2-2: Foul Ball, location: 2F
2-2: Foul Ball, location: 2F
2-2: Ball
3-2: Strikes out looking
Batting: RHB Seisaburo Edagawa 0-0: Ball
1-0: Swinging Strike
1-1: Ball
Wild Pitch!
Nick Rooney to third
2-1: Ball
3-1: Foul Ball, location: 2F
3-2: Strikes out swinging
Top of the 1st over - 1 run, 3 hits, 0 errors, 1 left on base; Modesto 1 - High Desert 0
BOTTOM OF THE 1ST
High Desert Mavericks batting - Pitching for Modesto Nuts : RHP Matt Morales
Pitching: RHP Matt Morales
Batting: RHB Steve Haskins 0-0: Called Strike
0-1: Called Strike
0-2: Hit by Pitch
Batting: RHB Vinny Luna 0-0: Ball
Steve Haskins steals 2nd base (no throw)
1-0: Ball
2-0: Ball
3-0: Base on Balls
Batting: LHB Ben Radach 0-0: Called Strike
0-1: Ball
1-1: TRIPLE (Groundball, 3L, EV 100.0 MPH)
Steve Haskins scores
Vinny Luna scores
Batting: RHB Andres Valles 0-0: Ball
1-0: Ball
2-0: Ball
3-0: Called Strike
3-1: Base on Balls
Batting: LHB Rich Atterberry 0-0: Ball
Andres Valles is caught stealing 2nd base 2-6
1-0: Foul Ball, location: 2F
1-1: Foul Ball, location: 2F
1-2: Foul Ball, location: 2F
1-2: Ball
2-2: Ground out 4-3 (Groundball, 4, EV 85.0 MPH)
Ben Radach scores
Batting: RHB Luis Reyna 0-0: Ball
1-0: Ball
2-0: Ball
3-0: Base on Balls
Batting: RHB Nick Solberg 0-0: Called Strike
Luis Reyna steals 2nd base (no throw)
0-1: Foul Ball, location: 2F
0-2: Ball
1-2: Foul Ball, location: 2F
1-2: Foul Ball, location: 2F
1-2: TRIPLE (Groundball, 3L, EV 100.6 MPH)
Luis Reyna scores
Batting: RHB Ferdi Schipper 0-0: Ball
1-0: SINGLE (Groundball, 25, EV 71.2 MPH) (infield hit)
Nick Solberg scores
Batting: RHB Reilly Hawkins 0-0: Ball
Ferdi Schipper steals 2nd base
1-0: Called Strike
1-1: Ball
2-1: Foul Ball, location: 2F
2-2: Foul Ball, location: 2F
2-2: Ball
3-2: DOUBLE (Line Drive, 89XD, EV 100.6 MPH)
Ferdi Schipper scores
Pitching: RHP Lorenzo Pacheco
Batting: RHB Steve Haskins 0-0: Swinging Strike
0-1: Swinging Strike
0-2: Ball
Passed Ball!
Reilly Hawkins to third
1-2: Foul Ball, location: 2F
1-2: Ball
Wild Pitch!
Reilly Hawkins scores
2-2: Strikes out swinging
Bottom of the 1st over - 7 runs, 4 hits, 0 errors, 0 left on base; Modesto 1 - High Desert 7
TOP OF THE 2ND
Modesto Nuts batting - Pitching for High Desert Mavericks : RHP Shan-tang Chi
Batting: LHB Mick Tucker 0-0: Foul Ball, location: 2F
0-1: Foul Ball, location: 2F
0-2: Strikes out swinging
Batting: SHB Jeff Sorrels 0-0: Ball
1-0: Foul Ball, location: 2F
1-1: Ball
2-1: Ball
3-1: Called Strike
3-2: SINGLE (Flyball, 8LS, EV 85.6 MPH)
Batting: SHB Craig Ruzic 0-0: Ball
1-0: Ball
2-0: Foul Ball, location: 2F
2-1: Foul Ball, location: 2F
2-2: Fielders Choice at 2nd, 3-6 (Groundball, 3D, EV 87.5 MPH)
Batting: RHB Brent Montagano 0-0: Swinging Strike
0-1: Swinging Strike
0-2: Foul Ball, location: 2F
0-2: Ball
1-2: Strikes out looking
Top of the 2nd over - 0 runs, 1 hit, 0 errors, 1 left on base; Modesto 1 - High Desert 7
BOTTOM OF THE 2ND
High Desert Mavericks batting - Pitching for Modesto Nuts : RHP Lorenzo Pacheco
Batting: RHB Vinny Luna 0-0: Ball
1-0: Ball
2-0: Swinging Strike
2-1: SOLO HOME RUN (Flyball, 7LD, EV 95.0 MPH), Distance : 356 ft
Batting: LHB Ben Radach 0-0: Swinging Strike
0-1: Ball
1-1: Called Strike
1-2: Strikes out swinging
Batting: RHB Andres Valles 0-0: Called Strike
0-1: Ball
1-1: Ball
2-1: Ball
3-1: Swinging Strike
3-2: Strikes out looking
Batting: LHB Rich Atterberry 0-0: Fly out, F7 (Flyball, 7D, EV 106.9 MPH)
Bottom of the 2nd over - 1 run, 1 hit, 0 errors, 0 left on base; Modesto 1 - High Desert 8
TOP OF THE 3RD
Modesto Nuts batting - Pitching for High Desert Mavericks : RHP Shan-tang Chi
Batting: LHB Daniel Green 0-0: Foul Ball, location: 2F
0-1: Ball
1-1: Foul Ball, location: 2F
1-2: Strikes out swinging
Batting: LHB Nick Martin 0-0: Ball
1-0: Ground out 4-3 (Groundball, 4M, EV 100.6 MPH)
Batting: LHB Nick Rooney 0-0: Ball
1-0: Ball
2-0: Swinging Strike
2-1: Foul Ball, location: 2F
2-2: Ball
3-2: Strikes out swinging, 2-3 out at first.
Top of the 3rd over - 0 runs, 0 hits, 0 errors, 0 left on base; Modesto 1 - High Desert 8
BOTTOM OF THE 3RD
High Desert Mavericks batting - Pitching for Modesto Nuts : RHP Lorenzo Pacheco
Batting: RHB Luis Reyna 0-0: Ball
1-0: Foul Ball, location: 2F
1-1: Called Strike
1-2: Ball
2-2: Ground out 3-1 (Groundball, 34S, EV 70.0 MPH)
Batting: RHB Nick Solberg 0-0: Swinging Strike
0-1: Swinging Strike
0-2: Ball
1-2: Foul Ball, location: 2F
1-2: Foul Ball, location: 2F
1-2: Ball
2-2: Foul Ball, location: 2F
2-2: Foul Ball, location: 2F
2-2: Ball
3-2: Base on Balls
Batting: RHB Ferdi Schipper 0-0: Ball
1-0: Foul Ball, location: 2F
1-1: Swinging Strike
1-2: Ball
2-2: Ball
Nick Solberg steals 2nd base
3-2: Foul Ball, location: 2F
3-2: Base on Balls
Batting: RHB Reilly Hawkins 0-0: Called Strike
0-1: Foul Ball, location: 2RF, Error on foul ball, E2
0-2: Ball
Passed Ball!
Nick Solberg to third
Ferdi Schipper to second
1-2: Foul Ball, location: 2F
1-2: Ball
2-2: Ball
3-2: Base on Balls
Pitching: RHP Jerry Dunne
Batting: RHB Steve Haskins 0-0: DOUBLE (Groundball, 3L, EV 94.4 MPH)
Nick Solberg scores
Ferdi Schipper scores
Reilly Hawkins to third
Runner from 3rd tries for Home, SAFE, throw by RF to trailing runner, OUT at third! 9-3-5
Batting: RHB Vinny Luna 0-0: Ball
1-0: Ball
2-0: Fly out, F7 (Flyball, 7, EV 90.0 MPH)
Bottom of the 3rd over - 3 runs, 1 hit, 1 error, 0 left on base; Modesto 1 - High Desert 11
TOP OF THE 4TH
Modesto Nuts batting - Pitching for High Desert Mavericks : RHP Shan-tang Chi
Batting: LHB Paul McClintock 0-0: Called Strike
0-1: Foul Ball, location: 2F
0-2: Ball
1-2: Ground out 4-3 (Groundball, 4, EV 82.5 MPH)
Batting: RHB Seisaburo Edagawa 0-0: Swinging Strike
0-1: Ball
1-1: Ground out 4-3 (Groundball, 4S, EV 87.5 MPH)
Batting: LHB Mick Tucker 0-0: Ball
1-0: Foul Ball, location: 2F
1-1: Ball
2-1: Ball
3-1: Fly out, F5 (Popup, 25F, EV 89.4 MPH)
Top of the 4th over - 0 runs, 0 hits, 0 errors, 0 left on base; Modesto 1 - High Desert 11
BOTTOM OF THE 4TH
High Desert Mavericks batting - Pitching for Modesto Nuts : RHP Jerry Dunne
Batting: LHB Ben Radach 0-0: Ball
1-0: Ball
2-0: Ball
3-0: Swinging Strike
3-1: Foul Ball, location: 2F
3-2: Foul Ball, location: 2F
3-2: Foul Ball, location: 2F
3-2: Strikes out looking
Batting: RHB Andres Valles 0-0: Ball
1-0: Fly out, F8 (Flyball, 8LD, EV 86.2 MPH)
Batting: LHB Rich Atterberry 0-0: Ball
1-0: Swinging Strike
1-1: Ball
2-1: Foul Ball, location: 2F
2-2: Ball
3-2: Fly out, F5 (Line Drive, 56, EV 70.0 MPH)
Bottom of the 4th over - 0 runs, 0 hits, 0 errors, 0 left on base; Modesto 1 - High Desert 11
TOP OF THE 5TH
Modesto Nuts batting - Pitching for High Desert Mavericks : RHP Shan-tang Chi
Batting: SHB Jeff Sorrels 0-0: Ball
1-0: DOUBLE (Flyball, 78XD, EV 101.9 MPH)
Batting: SHB Craig Ruzic 0-0: Ground out 6-3 (Groundball, 6S, EV 69.4 MPH)
Jeff Sorrels to third
Batting: RHB Brent Montagano 0-0: Ball
1-0: Called Strike
1-1: Foul Ball, location: 2F
1-2: Foul Ball, location: 2F
1-2: SINGLE (Line Drive, 78S, EV 92.5 MPH)
Jeff Sorrels scores
Batting: LHB Daniel Green 0-0: Called Strike
Brent Montagano is caught stealing 2nd base 2-6
0-1: Foul Ball, location: 2F
0-2: Ball
1-2: Foul Ball, location: 2F
1-2: Strikes out swinging, 2-3 out at first.
Top of the 5th over - 1 run, 2 hits, 0 errors, 0 left on base; Modesto 2 - High Desert 11
BOTTOM OF THE 5TH
High Desert Mavericks batting - Pitching for Modesto Nuts : RHP Jerry Dunne
Batting: RHB Luis Reyna 0-0: Ball
1-0: Swinging Strike
1-1: Foul Ball, location: 2F
1-2: TRIPLE (Flyball, 89XD, EV 91.9 MPH)
Batting: RHB Nick Solberg 0-0: Called Strike
0-1: Ball
Passed Ball!
Luis Reyna scores
1-1: Ball
2-1: Fly out, F9 (Flyball, 9S, EV 87.5 MPH)
Batting: RHB Ferdi Schipper 0-0: Foul Ball, location: 2F
0-1: Foul Ball, location: 2F
0-2: Strikes out swinging
Batting: RHB Reilly Hawkins 0-0: Ball
1-0: Called Strike
1-1: Ball
2-1: Called Strike
2-2: Ball
3-2: Foul Ball, location: 2F
3-2: Foul Ball, location: 2F
3-2: Foul Ball, location: 2F
3-2: Base on Balls
Batting: RHB Steve Haskins 0-0: Foul Ball, location: 2F
0-1: Ball
1-1: Swinging Strike
1-2: DOUBLE (Line Drive, 7LD, EV 100.6 MPH)
Reilly Hawkins to third
Runner from 3rd tries for Home, SAFE, no throw by LF
Pitching: RHP Zi-cheng Zhou
Batting: RHB Vinny Luna 0-0: Called Strike
0-1: Ball
1-1: Swinging Strike
1-2: Ball
2-2: Ball
Wild Pitch!
Steve Haskins to third
3-2: Foul Ball, location: 2F
3-2: Base on Balls
Batting: LHB Ben Radach 0-0: Ball
1-0: Foul Ball, location: 2F
1-1: Foul Ball, location: 2F
1-2: Strikes out swinging
Bottom of the 5th over - 2 runs, 2 hits, 0 errors, 2 left on base; Modesto 2 - High Desert 13
TOP OF THE 6TH
Modesto Nuts batting - Pitching for High Desert Mavericks : RHP Shan-tang Chi
Batting: LHB Nick Martin 0-0: Called Strike
0-1: Ball
1-1: SINGLE (Flyball, 7, EV 95.0 MPH)
Batting: LHB Nick Rooney 0-0: Ball
1-0: Called Strike
1-1: Ball
Nick Martin steals 2nd base
2-1: Ball
3-1: Foul Ball, location: 2F
3-2: Foul Ball, location: 2F
3-2: Foul Ball, location: 2F
3-2: Fly out, F8 (Line Drive, 8RM, EV 91.9 MPH)
Batting: LHB Paul McClintock 0-0: Swinging Strike
0-1: DOUBLE (Line Drive, 8LXD, EV 100.0 MPH)
Nick Martin scores
Batting: RHB Seisaburo Edagawa 0-0: Swinging Strike
0-1: Ball
1-1: Foul Ball, location: 2F
1-2: Foul Ball, location: 2F
1-2: Ball
Wild Pitch!
Paul McClintock to third
2-2: Ball
3-2: Strikes out swinging
Batting: LHB Mick Tucker 0-0: Called Strike
0-1: Fly out, F8 (Flyball, 89M, EV 83.8 MPH)
Top of the 6th over - 1 run, 2 hits, 0 errors, 1 left on base; Modesto 3 - High Desert 13
BOTTOM OF THE 6TH
High Desert Mavericks batting - Pitching for Modesto Nuts : RHP Zi-cheng Zhou
Batting: RHB Andres Valles 0-0: Called Strike
0-1: Foul Ball, location: 2F
0-2: Foul Ball, location: 2F
0-2: Ball
1-2: Ball
2-2: Strikes out swinging
Batting: LHB Rich Atterberry 0-0: Ball
1-0: Swinging Strike
1-1: SOLO HOME RUN (Flyball, 9D, EV 104.4 MPH), Distance : 412 ft
Batting: RHB Luis Reyna 0-0: Foul Ball, location: 2F
0-1: Fly out, F9 (Flyball, 9S, EV 91.9 MPH)
Batting: RHB Nick Solberg 0-0: Fly out, F9 (Flyball, 89M, EV 93.1 MPH)
Bottom of the 6th over - 1 run, 1 hit, 0 errors, 0 left on base; Modesto 3 - High Desert 14
TOP OF THE 7TH
Modesto Nuts batting - Pitching for High Desert Mavericks : RHP Shan-tang Chi
Batting: SHB Jeff Sorrels 0-0: Ball
1-0: DOUBLE (Groundball, 5L, EV 100.0 MPH)
Batting: SHB Craig Ruzic 0-0: Ground out 1-3 (Groundball, 13S, EV 63.1 MPH)
Jeff Sorrels to third
Batting: RHB Brent Montagano 0-0: Ball
1-0: Ball
2-0: Swinging Strike
2-1: Foul Ball, location: 2F
2-2: Ball
3-2: Foul Ball, location: 2F
3-2: Strikes out looking
Batting: LHB Daniel Green 0-0: Ball
1-0: Ball
2-0: Called Strike
2-1: Ball
3-1: Base on Balls
Pitching: RHP Ryan Jones
Batting: LHB Nick Martin 0-0: Called Strike
0-1: Foul Ball, location: 2F
0-2: Strikes out looking
Top of the 7th over - 0 runs, 1 hit, 0 errors, 2 left on base; Modesto 3 - High Desert 14
BOTTOM OF THE 7TH
High Desert Mavericks batting - Pitching for Modesto Nuts : RHP Zi-cheng Zhou
Pitching: RHP Bobby Servin
Batting: RHB Ferdi Schipper 0-0: Swinging Strike
0-1: Fly out, F8 (Flyball, 8RM, EV 86.9 MPH)
Batting: RHB Reilly Hawkins 0-0: Swinging Strike
0-1: Foul Ball, location: 2F
0-2: Strikes out swinging
Batting: RHB Steve Haskins 0-0: Ball
1-0: Called Strike
1-1: Ball
2-1: DOUBLE (Flyball, 8LXD, EV 100.0 MPH)
Batting: RHB Vinny Luna 0-0: Ball
1-0: Ball
Passed Ball!
Steve Haskins to third
2-0: Ball
3-0: Called Strike
3-1: Called Strike
3-2: Base on Balls
Batting: LHB Ben Radach 0-0: Called Strike
0-1: Foul Ball, location: 2F
0-2: Foul Ball, location: 2F
0-2: Ball
1-2: Ball
2-2: Ball
3-2: SINGLE (Line Drive, 6D, EV 101.2 MPH)
Steve Haskins scores
Vinny Luna to second
Vinny Luna to third
Batting: RHB Andres Valles 0-0: Swinging Strike
Passed Ball!
Vinny Luna scores
Ben Radach to second
0-1: Ball
Passed Ball!
Ben Radach to third
1-1: Foul Ball, location: 2F
1-2: Ball
2-2: Strikes out swinging
Bottom of the 7th over - 2 runs, 2 hits, 0 errors, 1 left on base; Modesto 3 - High Desert 16
TOP OF THE 8TH
Modesto Nuts batting - Pitching for High Desert Mavericks : RHP Ryan Jones
Pinch Hitting: RHB John Corfield 0-0: Ball
1-0: Ball
2-0: Fly out, F9 (Line Drive, 9D, EV 104.4 MPH)
Batting: LHB Paul McClintock 0-0: Foul Ball, location: 2F
0-1: Called Strike
0-2: Foul Ball, location: 2F
0-2: Ground out 6-3 (Groundball, 6M, EV 98.1 MPH)
Batting: RHB Seisaburo Edagawa 0-0: Fly out, F8 (Line Drive, 8LM, EV 89.4 MPH)
Top of the 8th over - 0 runs, 0 hits, 0 errors, 0 left on base; Modesto 3 - High Desert 16
BOTTOM OF THE 8TH
High Desert Mavericks batting - Pitching for Modesto Nuts : RHP Bobby Servin
Now at 1B: John Corfield
Batting: LHB Rich Atterberry 0-0: DOUBLE (Flyball, 8RXD, EV 113.8 MPH)
Batting: RHB Luis Reyna 0-0: Called Strike
0-1: Called Strike
0-2: Ball
1-2: Strikes out looking
Batting: RHB Nick Solberg 0-0: Ball
1-0: Ball
2-0: Fly out, F8 (Line Drive, 8RS, EV 99.4 MPH)
Lined into DP, 8-6 (Line Drive, 8RS, EV 99.4 MPH)
Bottom of the 8th over - 0 runs, 1 hit, 0 errors, 0 left on base; Modesto 3 - High Desert 16
TOP OF THE 9TH
Modesto Nuts batting - Pitching for High Desert Mavericks : RHP Ryan Jones
Batting: LHB Mick Tucker 0-0: Ball
1-0: Ball
2-0: Swinging Strike
2-1: Ball
3-1: Foul Ball, location: 2F
3-2: Foul Ball, location: 2F
3-2: Strikes out swinging
Batting: SHB Jeff Sorrels 0-0: Called Strike
0-1: Foul Ball, location: 2F
0-2: Strikes out swinging
Batting: SHB Craig Ruzic 0-0: Ball
1-0: Ball
2-0: Fly out, F9 (Flyball, 9LS, EV 90.6 MPH)
Top of the 9th over - 0 runs, 0 hits, 0 errors, 0 left on base; Modesto 3 - High Desert 16
Tuesday, September 13th , 2022 - OOTP Baseball 23.7 Build 88